TOP OF THE 1ST |
Boston Red Sox batting - Pitching for Montreal Expos : RHP Cheng-ho Hsu
|
Pitching: RHP Cheng-ho Hsu
|
|
Batting: RHB Alois Wollf
|
0-0: Called Strike 0-1: Swinging Strike 0-2: Foul Ball, location: 2F 0-2: Ground out 5-3 (Groundball, 56S, EV 86.2 MPH)
|
Batting: RHB Cesar Breceda
|
0-0: Foul Ball, location: 2F 0-1: SINGLE (Groundball, 34D, EV 102.5 MPH)
|
Batting: LHB Kevin McCormic Jr.
|
0-0: Called Strike 0-1: Ball 1-1: Foul Ball, location: 2F 1-2: Strikes out looking
|
Batting: RHB David Price Jr.
|
0-0: Called Strike 0-1: Called Strike 0-2: Foul Ball, location: 2F 0-2: Fielders Choice at 2nd, 6-4 (Groundball, 6, EV 85.0 MPH)
|
Top of the 1st over - 0 runs, 1 hit, 0 errors, 1 left on base; Boston 0 - Montreal 0 |
BOTTOM OF THE 1ST |
Montreal Expos batting - Pitching for Boston Red Sox : RHP J.J. Dean
|
Pitching: RHP J.J. Dean
|
|
Batting: RHB John Ham
|
0-0: Called Strike 0-1: Ball 1-1: Foul Ball, location: 2F 1-2: Ball 2-2: Ground out 5-3 (Groundball, 56, EV 108.1 MPH)
|
Batting: LHB Bill McGregor
|
0-0: Ball 1-0: Foul Ball, location: 2F 1-1: Fly out, F7 (Line Drive, 7D, EV 96.2 MPH)
|
Batting: RHB Mike Salmon
|
0-0: Ball 1-0: Ball 2-0: Foul Ball, location: 2F 2-1: Ball 3-1: SINGLE (Groundball, 25, EV 70.0 MPH) (infield hit)
|
Batting: LHB Steve Anderson
|
0-0: Ball Mike Salmon is caught stealing 2nd base 2-6
|
Bottom of the 1st over - 0 runs, 1 hit, 0 errors, 0 left on base; Boston 0 - Montreal 0 |
TOP OF THE 2ND |
Boston Red Sox batting - Pitching for Montreal Expos : RHP Cheng-ho Hsu
|
Batting: LHB Bob Branham
|
0-0: Ball 1-0: Ball 2-0: Ground out 5-3 (Groundball, 5, EV 94.4 MPH)
|
Batting: LHB Jarrett Mordecai
|
0-0: Called Strike 0-1: Swinging Strike 0-2: Ball 1-2: Ball 2-2: Strikes out swinging, 2-3 out at first.
|
Batting: LHB Tim Fuller
|
0-0: Called Strike 0-1: Ball 1-1: SINGLE (Groundball, 34D, EV 103.8 MPH)
|
Batting: SHB Greg Shaw
|
0-0: Foul Ball, location: 2F 0-1: Called Strike 0-2: Ball 1-2: Fielders Choice at 2nd, 5-4 (Groundball, 56, EV 81.2 MPH)
|
Top of the 2nd over - 0 runs, 1 hit, 0 errors, 1 left on base; Boston 0 - Montreal 0 |
BOTTOM OF THE 2ND |
Montreal Expos batting - Pitching for Boston Red Sox : RHP J.J. Dean
|
Batting: LHB Steve Anderson
|
0-0: Called Strike 0-1: Ball 1-1: SOLO HOME RUN (Flyball, 7D, EV 97.5 MPH), Distance : 363 ft
|
Batting: RHB Hugo Bautista
|
0-0: Ball 1-0: Ball 2-0: Ball 3-0: Base on Balls
|
Batting: RHB C.J. Beavers
|
Pickoff Throw to First - Error! E1 Hugo Bautista to second 0-0: Called Strike 0-1: Foul Ball, location: 2F 0-2: Ball 1-2: Strikes out swinging
|
Batting: RHB Robby Juarez
|
0-0: Called Strike 0-1: Fly out, F4 (Popup, 34D, EV 44.4 MPH)
|
Batting: RHB Eugênio Asceno
|
0-0: Ball 1-0: Swinging Strike 1-1: Called Strike 1-2: Ball 2-2: Strikes out swinging
|
Bottom of the 2nd over - 1 run, 1 hit, 1 error, 1 left on base; Boston 0 - Montreal 1 |
TOP OF THE 3RD |
Boston Red Sox batting - Pitching for Montreal Expos : RHP Cheng-ho Hsu
|
Batting: RHB John Chiesa
|
0-0: Ground out 6-3 (Groundball, 6, EV 80.6 MPH)
|
Batting: RHB Alois Wollf
|
0-0: Ground out 6-3 (Groundball, 6, EV 81.2 MPH)
|
Batting: RHB Cesar Breceda
|
0-0: Ball 1-0: Foul Ball, location: 2F 1-1: SINGLE (Groundball, 56D, EV 94.4 MPH)
|
Batting: LHB Kevin McCormic Jr.
|
0-0: Called Strike 0-1: Ball 1-1: Ball 2-1: Fly out, F7 (Flyball, 7LD, EV 97.5 MPH)
|
Top of the 3rd over - 0 runs, 1 hit, 0 errors, 1 left on base; Boston 0 - Montreal 1 |
BOTTOM OF THE 3RD |
Montreal Expos batting - Pitching for Boston Red Sox : RHP J.J. Dean
|
Batting: RHB Tommy Mize
|
0-0: Foul Ball, location: 2F 0-1: Called Strike 0-2: Foul Ball, location: 2F 0-2: Strikes out swinging, 2-3 out at first.
|
Batting: RHB John Ham
|
0-0: Fly out, F7 (Flyball, 7, EV 85.6 MPH)
|
Batting: LHB Bill McGregor
|
0-0: Foul Ball, location: 2F 0-1: Ball 1-1: Ball 2-1: Called Strike 2-2: Ball 3-2: Foul Ball, location: 2F 3-2: DOUBLE (Groundball, 3L, EV 96.2 MPH)
|
Batting: RHB Mike Salmon
|
0-0: Ball 1-0: Called Strike 1-1: Ball 2-1: Ball 3-1: Foul Ball, location: 2F 3-2: Strikes out swinging
|
Bottom of the 3rd over - 0 runs, 1 hit, 0 errors, 1 left on base; Boston 0 - Montreal 1 |
TOP OF THE 4TH |
Boston Red Sox batting - Pitching for Montreal Expos : RHP Cheng-ho Hsu
|
Batting: RHB David Price Jr.
|
0-0: Called Strike 0-1: Ball 1-1: Ball 2-1: Called Strike 2-2: Ball 3-2: Ground out 5-3 (Groundball, 56, EV 105.0 MPH)
|
Batting: LHB Bob Branham
|
0-0: Called Strike 0-1: Called Strike 0-2: Foul Ball, location: 2F 0-2: Ball 1-2: Foul Ball, location: 2F 1-2: Strikes out swinging
|
Batting: LHB Jarrett Mordecai
|
0-0: Called Strike 0-1: SINGLE (Groundball, 4MD, EV 105.6 MPH)
|
Batting: LHB Tim Fuller
|
0-0: Called Strike 0-1: Ball 1-1: Ground out 4-3 (Groundball, 4, EV 76.9 MPH)
|
Top of the 4th over - 0 runs, 1 hit, 0 errors, 1 left on base; Boston 0 - Montreal 1 |
BOTTOM OF THE 4TH |
Montreal Expos batting - Pitching for Boston Red Sox : RHP J.J. Dean
|
Batting: LHB Steve Anderson
|
0-0: Ball 1-0: Ball 2-0: Foul Ball, location: 2F 2-1: Ball 3-1: Base on Balls
|
Batting: RHB Hugo Bautista
|
0-0: SINGLE (Flyball, 8RS, EV 86.2 MPH) Steve Anderson to second
|
Batting: RHB C.J. Beavers
|
0-0: SINGLE (Flyball, 8RM, EV 94.4 MPH) Steve Anderson to third Hugo Bautista to second
|
Batting: RHB Robby Juarez
|
0-0: Fly out, F8 (Line Drive, 8LM, EV 99.4 MPH)
|
Batting: RHB Eugênio Asceno
|
0-0: Ball 1-0: Ball 2-0: GRAND SLAM HOME RUN (Flyball, 7D, EV 100.6 MPH), Distance : 401 ft
|
Pitching: LHP John Hotham
|
|
Batting: RHB Tommy Mize
|
0-0: Ball 1-0: Called Strike 1-1: Ball 2-1: Foul Ball, location: 2F 2-2: Ball 3-2: Base on Balls
|
Batting: RHB John Ham
|
0-0: Called Strike 0-1: Ball 1-1: Ball 2-1: Fly out, F7 (Flyball, 7D, EV 100.0 MPH)
|
Batting: LHB Bill McGregor
|
0-0: Called Strike 0-1: Ball 1-1: Foul Ball, location: 2F 1-2: Strikes out swinging
|
Bottom of the 4th over - 4 runs, 3 hits, 0 errors, 1 left on base; Boston 0 - Montreal 5 |
TOP OF THE 5TH |
Boston Red Sox batting - Pitching for Montreal Expos : RHP Cheng-ho Hsu
|
Batting: SHB Greg Shaw
|
0-0: Ground out 4-3 (Groundball, 13, EV 79.4 MPH)
|
Batting: RHB John Chiesa
|
0-0: Foul Ball, location: 2F 0-1: Swinging Strike 0-2: Foul Ball, location: 2F 0-2: Ball 1-2: Strikes out swinging
|
Batting: RHB Alois Wollf
|
0-0: Called Strike 0-1: Called Strike 0-2: Strikes out looking
|
Top of the 5th over - 0 runs, 0 hits, 0 errors, 0 left on base; Boston 0 - Montreal 5 |
BOTTOM OF THE 5TH |
Montreal Expos batting - Pitching for Boston Red Sox : LHP John Hotham
|
Batting: RHB Mike Salmon
|
0-0: Ball 1-0: Foul Ball, location: 2F 1-1: Called Strike 1-2: Strikes out looking
|
Batting: LHB Steve Anderson
|
0-0: Ball 1-0: Ball 2-0: Ball 3-0: Base on Balls
|
Batting: RHB Hugo Bautista
|
0-0: Ball 1-0: Called Strike 1-1: Foul Ball, location: 2F 1-2: Strikes out swinging
|
Batting: RHB C.J. Beavers
|
0-0: Ball 1-0: Foul Ball, location: 2F 1-1: Called Strike 1-2: Ball 2-2: Ball 3-2: Foul Ball, location: 2F 3-2: Base on Balls Steve Anderson to second
|
Batting: RHB Robby Juarez
|
0-0: Ball 1-0: Foul Ball, location: 2F 1-1: Swinging Strike 1-2: Strikes out looking
|
Bottom of the 5th over - 0 runs, 0 hits, 0 errors, 2 left on base; Boston 0 - Montreal 5 |
TOP OF THE 6TH |
Boston Red Sox batting - Pitching for Montreal Expos : RHP Cheng-ho Hsu
|
Batting: RHB Cesar Breceda
|
0-0: Ball 1-0: Ball 2-0: Called Strike 2-1: Foul Ball, location: 2F 2-2: Ball 3-2: DOUBLE (Groundball, 5L, EV 103.1 MPH)
|
Batting: LHB Kevin McCormic Jr.
|
0-0: 2-RUN HOME RUN (Line Drive, 9D, EV 95.6 MPH), Distance : 379 ft
|
Batting: RHB David Price Jr.
|
0-0: Foul Ball, location: 2F 0-1: Ball 1-1: Ball 2-1: Swinging Strike 2-2: Ball 3-2: Strikes out swinging
|
Batting: LHB Bob Branham
|
0-0: Called Strike 0-1: Swinging Strike 0-2: Ball 1-2: Strikes out looking
|
Batting: LHB Jarrett Mordecai
|
0-0: Called Strike 0-1: Swinging Strike 0-2: Strikes out swinging
|
Top of the 6th over - 2 runs, 2 hits, 0 errors, 0 left on base; Boston 2 - Montreal 5 |
BOTTOM OF THE 6TH |
Montreal Expos batting - Pitching for Boston Red Sox : LHP John Hotham
|
Batting: RHB Eugênio Asceno
|
0-0: Ball 1-0: Called Strike 1-1: Called Strike 1-2: Ball 2-2: Fly out, F3 (Popup, 34S, EV 77.5 MPH)
|
Batting: RHB Tommy Mize
|
0-0: Ground out 2-3 (Groundball, 15S, EV 68.1 MPH)
|
Batting: RHB John Ham
|
0-0: Ball 1-0: Called Strike 1-1: SOLO HOME RUN (Line Drive, 7D, EV 96.9 MPH), Distance : 372 ft
|
Batting: LHB Bill McGregor
|
0-0: Called Strike 0-1: Swinging Strike 0-2: SINGLE (Groundball, 34D, EV 108.8 MPH)
|
Pitching: RHP Elijah Daniels
|
|
Batting: RHB Mike Salmon
|
0-0: Ball 1-0: Ball 2-0: Ball 3-0: Base on Balls Bill McGregor to second
|
Batting: LHB Steve Anderson
|
0-0: Foul Ball, location: 2F 0-1: Foul Ball, location: 2F 0-2: Ball 1-2: Foul Ball, location: 2F 1-2: Ball 2-2: Foul Ball, location: 2F 2-2: SINGLE (Groundball, 3D, EV 101.2 MPH) Bill McGregor to third Mike Salmon to second Runner from 3rd tries for Home, SAFE, throw by RF to home
|
Batting: RHB Hugo Bautista
|
0-0: Foul Ball, location: 2F 0-1: Ball 1-1: Ball 2-1: Foul Ball, location: 2F 2-2: SINGLE (Groundball, 6M, EV 87.5 MPH) (infield hit) Mike Salmon to third Steve Anderson to second
|
Batting: RHB C.J. Beavers
|
0-0: Ball 1-0: Foul Ball, location: 2F 1-1: Ball 2-1: Fly out, F8 (Flyball, 8RD, EV 106.2 MPH)
|
Bottom of the 6th over - 2 runs, 4 hits, 0 errors, 3 left on base; Boston 2 - Montreal 7 |
TOP OF THE 7TH |
Boston Red Sox batting - Pitching for Montreal Expos : RHP Cheng-ho Hsu
|
Batting: LHB Tim Fuller
|
0-0: Foul Ball, location: 2F 0-1: Called Strike 0-2: Ball 1-2: Foul Ball, location: 2F 1-2: Ball 2-2: Foul Ball, location: 2F 2-2: Strikes out swinging
|
Batting: SHB Greg Shaw
|
0-0: Called Strike 0-1: Swinging Strike 0-2: Strikes out looking
|
Batting: RHB John Chiesa
|
0-0: Called Strike 0-1: Ball 1-1: Ball 2-1: Swinging Strike 2-2: Ball 3-2: Strikes out swinging
|
Top of the 7th over - 0 runs, 0 hits, 0 errors, 0 left on base; Boston 2 - Montreal 7 |
BOTTOM OF THE 7TH |
Montreal Expos batting - Pitching for Boston Red Sox : RHP Elijah Daniels
|
Batting: RHB Robby Juarez
|
0-0: Ball 1-0: Foul Ball, location: 2F 1-1: Swinging Strike 1-2: Ball 2-2: SINGLE (Flyball, 34D, EV 94.4 MPH)
|
Batting: RHB Eugênio Asceno
|
0-0: Foul Ball, location: 2F 0-1: Ball 1-1: Ball 2-1: Called Strike 2-2: Foul Ball, location: 2F 2-2: Grounds into double play, 6-4-3 (Groundball, 56, EV 83.8 MPH)
|
Batting: RHB Tommy Mize
|
0-0: Ball 1-0: Foul Ball, location: 2F 1-1: Called Strike 1-2: Ball 2-2: Ball 3-2: Foul Ball, location: 2F 3-2: Base on Balls
|
Pitching: RHP Jon Mercado
|
|
Batting: RHB John Ham
|
0-0: Called Strike 0-1: Ball 1-1: Ball 2-1: Ball 3-1: Foul Ball, location: 2F 3-2: Base on Balls Tommy Mize to second
|
Batting: LHB Bill McGregor
|
0-0: Ball 1-0: Foul Ball, location: 2F 1-1: Fly out, F5 (Popup, 56, EV 74.4 MPH)
|
Bottom of the 7th over - 0 runs, 1 hit, 0 errors, 2 left on base; Boston 2 - Montreal 7 |
TOP OF THE 8TH |
Boston Red Sox batting - Pitching for Montreal Expos : RHP Cheng-ho Hsu
|
Batting: RHB Alois Wollf
|
0-0: Ball 1-0: Ground out 4-3 (Groundball, 4, EV 78.8 MPH)
|
Batting: RHB Cesar Breceda
|
0-0: Called Strike 0-1: Ball 1-1: Ball 2-1: Foul Ball, location: 2F 2-2: Foul Ball, location: 2F 2-2: Ground out U3 (Groundball, 3, EV 85.0 MPH)
|
Pitching: RHP Nelson Dawson
|
|
Batting: LHB Kevin McCormic Jr.
|
0-0: Ball 1-0: Called Strike 1-1: Fly out, F9 (Flyball, 9D, EV 85.6 MPH)
|
Top of the 8th over - 0 runs, 0 hits, 0 errors, 0 left on base; Boston 2 - Montreal 7 |
BOTTOM OF THE 8TH |
Montreal Expos batting - Pitching for Boston Red Sox : RHP Jon Mercado
|
Batting: RHB Mike Salmon
|
0-0: Ball 1-0: Ball 2-0: Ball 3-0: Called Strike 3-1: Foul Ball, location: 2F 3-2: Strikes out looking
|
Batting: LHB Steve Anderson
|
0-0: Swinging Strike 0-1: Ball 1-1: Ground out U3 (Groundball, 34S, EV 68.1 MPH)
|
Batting: RHB Hugo Bautista
|
0-0: Ground out U3 (Groundball, 23, EV 86.2 MPH)
|
Bottom of the 8th over - 0 runs, 0 hits, 0 errors, 0 left on base; Boston 2 - Montreal 7 |
TOP OF THE 9TH |
Boston Red Sox batting - Pitching for Montreal Expos : RHP Nelson Dawson
|
Batting: RHB David Price Jr.
|
0-0: Swinging Strike 0-1: Ball 1-1: Foul Ball, location: 2F 1-2: Strikes out looking
|
Batting: LHB Bob Branham
|
0-0: Foul Ball, location: 2F 0-1: Ball 1-1: Ball 2-1: Swinging Strike 2-2: Foul Ball, location: 2F 2-2: Strikes out looking
|
Batting: LHB Jarrett Mordecai
|
0-0: Called Strike 0-1: Ball 1-1: Called Strike 1-2: Strikes out swinging
|
Top of the 9th over - 0 runs, 0 hits, 0 errors, 0 left on base; Boston 2 - Montreal 7 |
|